Map: Ice and Chrome LE

Players

PasT - Winner!

  • Race: Zerg Zerg
  • League: Master
  • Spawn Location: 1:00

Nova

  • Race: Terran Terran
  • League: Diamond
  • Spawn Location: 7:00

VOD

Have the link to the VOD?

Description

Time

  • Played on: Sept. 1, 2020, 4:47 p.m.
  • Length: 6:03
Show
View Real Time Build Order
Export as new Build Order

PasT Zerg - Winner!

Build Orders: Hatch First 

Get SALT Encoding   

  12  0:00  Drone  
  13  0:12  Overlord  
  13  0:17  Drone  
  14  0:30  Drone x2  
  16  0:48  Hatchery  
  15  0:51  Drone  
  15  0:55  Drone  
  17  0:58  Drone  
  18  1:09  Extractor  
  17  1:14  Spawning Pool  
  17  1:17  Drone  
  17  1:20  Drone  
  18  1:28  Drone  
  19  1:38  Overlord  
  19  1:49  Drone  
  20  2:01  Queen x2  
  20  2:02  Zergling x4  
  26  2:11  Metabolic Boost  
  26  2:13  Zergling x2  
  26  2:14  Drone  
  28  2:21  Drone  
  28  2:22  Drone  
  30  2:36  Queen  
  30  2:37  Queen  
  30  2:42  Overlord  
  30  2:43  Overlord  
  34  3:03  Drone x2  
  36  3:09  Drone x2  
  36  3:10  Drone  
  36  3:11  Hatchery  
  38  3:13  Drone  
  38  3:16  Drone  
  38  3:18  Drone  
  41  3:27  Drone x2  
  43  3:28  Drone x2  
  43  3:31  Extractor  
  44  3:40  Roach Warren  
  43  3:49  Overlord x3  
  43  4:22  Roach x9  
  43  4:23  Roach  
  65  4:24  Roach  
  65  4:26  Roach  
  67  4:33  Overlord  
  67  4:35  Drone x4  
  67  4:37  Drone  
  73  4:45  Drone x2  
  74  4:56  Overlord x2  
  74  5:01  Overlord  
  74  5:12  Queen, Overlord  
  73  5:16  Drone x5  
  73  5:17  Drone  
  73  5:18  Drone  
  73  5:19  Drone  
  81  5:31  Overlord  
  81  5:32  Drone x2  
  81  5:35  Ravager x2  
  84  5:39  Ravager  
  84  5:40  Overlord  
  84  5:41  Drone x4  
  84  5:42  Spore Crawler  
  89  5:44  Spore Crawler  
  89  5:45  Spore Crawler  
  87  5:53  Evolution Chamber  
  87  5:54  Evolution Chamber  
Show
View Real Time Build Order
Export as new Build Order

Nova Terran 

Build Orders: Gas First Reaper Expand 

Get SALT Encoding   

  12  0:00  SCV  
  13  0:12  SCV  
  14  0:17  Supply Depot  
  14  0:24  SCV  
  14  0:27  Refinery  
  15  0:39  SCV  
  16  0:45  Barracks  
  16  0:51  SCV  
  17  1:03  SCV  
  18  1:15  SCV  
  19  1:32  Reaper, Orbital Command  
  20  1:45  Command Center  
  20  1:55  Supply Depot  
  20  1:57  SCV  
  21  2:04  Marine  
  22  2:13  SCV  
  23  2:17  Factory  
  23  2:20  Refinery  
  23  2:23  Barracks Reactor  
  23  2:28  SCV  
  24  2:40  SCV  
  25  2:53  SCV  
  26  3:08  SCV  
  26  3:10  Starport  
  27  3:17  Orbital Command  
  26  3:24  Barracks Tech Lab  
  26  3:25  Hellion x2  
  30  3:28  SCV  
  31  3:42  Supply Depot  
  31  3:46  Hellion x2, SCV x2  
  31  3:48  Viking  
  39  3:59  SCV x2  
  41  4:05  Supply Depot  
  41  4:10  Hellion x2  
  45  4:18  Fusion Core  
  45  4:26  Barracks  
  45  4:29  Supply Depot  
  45  4:30  SCV  
  46  4:35  Hellion x2  
  50  4:38  SCV  
  50  4:42  SCV  
  52  4:47  Supply Depot  
  52  4:52  SCV  
  53  4:54  SCV  
  53  5:13  Supply Depot  
  49  5:18  Marine  
  49  5:20  Bunker  
  51  5:29  SCV  
  51  5:30  Hellion, SCV  
  51  5:31  Hellion  
  53  5:36  Marine  
  53  5:42  SCV x2  
Tags
 
Add a new tag
Caveats
  • Supply blocks, unpowered buildings, or Contaminate may cause inaccurate times.
  • Supply counts are checked every 10 seconds.